Flyers vs Avalanche

Created - Friday, January 02, 2015 at 00:03

Goals
1 2 3 OT1 T
Flyers 1 1 0 1 3
Avalanche 0 2 0 0 2
Shots
1 2 3 OT1 T
Flyers 6 9 9 2 26
Avalanche 4 17 6 1 28

1st period

1. Flyers , Niklas Kronwall 10 (Daniel Winnik) at 13:32

Penalties :
Clayton Stoner (Col) for Interference (Minor) at 1:19, Lars Eller (Col) for Hooking (Minor) at 8:04

2nd period

2. Avalanche , Brad Stuart 5 (Claude Giroux) at 5:04
3. Avalanche , Ryan McDonagh 15 (Lars Eller) at 12:29 (PP)
4. Flyers , Mikko Koivu 7 (P.K. Subban) at 19:07

Penalties :
Evgeni Malkin (Phi) for High sticking (Minor) at 12:01, P.K. Subban (Phi) for Hooking (Minor) at 14:33

3rd period

No Goal

Penalties :
Jack Johnson (Phi) for Hooking (Minor) at 4:22

Overtime #1

5. Flyers , Jakub Voracek 12 (Gabriel Landeskog) at 4:39

Penalties :
No Penalty

Goalie Stats

Corey Crawford (Phi), 26 saves from 28 shots - (0.929), W, 22-2-4, 64:39 minutes
Semyon Varlamov (Col), 23 saves from 26 shots - (0.885), OTL, 15-13-4, 64:39 minutes

Players Stats for Flyers

Player Name              G  A  P  +/- PIM S  H  SB GA TA FO     MP     PP MP  PK MP  
------------------------------------------------------------------------------------
Brian Strait             0  0  0   0  0   0  0  0  0  0  0/0     0:00   0:00   0:00 
Bryan Little             0  0  0   0  0   1  1  0  0  3  4/11   19:54   1:57   0:30 
Chris Kreider            0  0  0   0  0   1  2  0  2  0  0/1    12:17   0:23   0:00 
Daniel Winnik            0  1  1   1  0   0  0  0  1  0  0/0     8:35   0:00   0:21 
Dennis Seidenberg        0  0  0   0  0   0  1  1  0  3  0/0    18:00   0:00   2:56 
Evgeni Malkin            0  0  0  -1  2   4  1  0  6  0  4/6    24:36   1:34   0:00 
Gabriel Landeskog        0  1  1   2  0   1  1  0  1  0  0/0    20:01   2:01   0:30 
Jack Johnson             0  0  0   0  2   2  2  3  0  1  0/0    19:18   0:00   1:24 
Jakub Voracek            1  0  1   2  0   3  2  0  7  0  0/0    18:44   2:01   0:00 
Jason Chimera            0  0  0   0  0   0  3  0  0  0  0/0    16:54   0:00   3:35 
Kris Letang              0  0  0   2  0   1  2  2  0  1  0/0    25:44   2:24   1:30 
Mark Letestu             0  0  0   0  0   0  0  2  2  0  5/13   16:23   0:00   3:35 
Mikko Koivu              1  0  1   1  0   4  0  2  2  2  11/19  17:50   2:01   0:21 
Niklas Kronwall          1  0  1   0  0   2  2  3  0  1  0/0    24:22   1:34   1:30 
P.K. Subban              0  1  1   2  2   3  1  0  0  0  0/0    22:40   2:24   0:00 
Riley Nash               0  0  0   1  0   0  2  0  0  0  1/4     8:38   0:00   0:00 
Slava Voynov             0  0  0   0  0   0  1  0  0  2  0/0    20:30   1:34   1:32 
Taylor Hall              0  0  0  -1  0   4  2  0  1  0  0/0    19:41   1:57   0:00 

Players Stats for Avalanche

Player Name              G  A  P  +/- PIM S  H  SB GA TA FO     MP     PP MP  PK MP  
------------------------------------------------------------------------------------
Benoit Pouliot           0  0  0  -1  0   2  3  0  3  0  0/0    16:24   0:00   1:05 
Brad Stuart              1  0  1   0  0   4  1  4  0  3  0/0    22:34   2:11   2:12 
Braydon Coburn           0  0  0   0  0   1  3  0  0  4  0/0    23:29   2:15   1:46 
Claude Giroux            0  1  1  -1  0   4  1  1  5  2  15/25  24:13   2:14   0:00 
Clayton Stoner           0  0  0   0  2   0  1  0  0  0  0/0    18:17   0:00   1:13 
Daniel Briere            0  0  0  -1  0   0  1  1  1  1  4/6    17:14   2:12   0:00 
Joffrey Lupul            0  0  0   0  0   3  1  1  5  0  0/2    18:30   2:14   0:00 
Lars Eller               0  1  1   0  2   0  1  0  0  0  5/10   19:51   2:12   1:17 
Mike Ribeiro             0  0  0   0  0   3  0  0  4  0  0/0    18:19   2:12   0:00 
Morgan Rielly            0  0  0  -1  0   0  3  2  0  2  0/0    18:34   2:11   0:59 
Rene Bourque             0  0  0  -1  0   1  1  0  0  0  1/3    16:06   0:00   0:46 
Rostislav Klesla         0  0  0  -1  0   0  1  1  0  1  0/0    14:03   0:00   0:00 
Ryan McDonagh            1  0  1  -1  0   4  2  2  3  0  0/0    28:02   2:15   1:46 
T.J. Hensick             0  0  0   0  0   0  0  0  0  0  0/2     8:00   0:00   1:13 
Taylor Fedun             0  0  0  -1  0   0  1  2  0  0  0/0     4:33   0:00   0:00 
Trevor Lewis             0  0  0   0  0   1  0  2  0  0  2/4    17:36   0:00   2:22 
Troy Brouwer             0  0  0  -1  0   3  1  0  4  1  0/0    22:05   2:14   1:13 
Tyler Kennedy            0  0  0   0  0   2  1  0  0  0  2/2     6:46   0:00   0:00 

3 Stars

1 - Jakub Voracek (Phi)
2 - Niklas Kronwall (Phi)
3 - Mikko Koivu (Phi)

Power Play

Flyers - 0 on 2 Attempt(s) - 0.00%
Avalanche - 1 on 3 Attempt(s) - 33.33%

Penalty Kill

Flyers - 2 on 3 Attempt(s) - 66.67% - Score 0 goal in Penalty Kill
Avalanche - 2 on 2 Attempt(s) - 100.00% - Score 0 goal in Penalty Kill

Team Stat

Flyers - Hits : 23 - Faceoff Wins : 25 - Blocked Shots : 13 - Penalty Minutes : 6
Avalanche - Hits : 22 - Faceoff Wins : 29 - Blocked Shots : 16 - Penalty Minutes : 4

Official

Referees : Unknown
Linesman : Unknown

Game Notes

No Game Note

Finance

Level 1 -- Attendance: 5442 (90.70%) -- Ticket Income $435,360
Level 2 -- Attendance: 4886 (97.72%) -- Ticket Income $244,300
Level 3 -- Attendance: 1817 (90.85%) -- Ticket Income $49,059
Level 4 -- Attendance: 4000 (100.00%) -- Ticket Income $68,000
Luxury Box -- Attendance: 993 (99.30%) -- Ticket Income $149,943
Game was played at the Pepsi Center'
Total Attendance: 17138 (95.21%)
Total Ticket Income: $946,662
Other Income: $463,864
Total Income: $1,410,526

Flyers

5 vs 5 Forward 
   Center                   Left Wing                Right Wing               Time % Phy DF OF 
 1 Bryan Little             Taylor Hall              Evgeni Malkin            36     0   0  5  
 2 Mikko Koivu              Gabriel Landeskog        Jakub Voracek            32     0   2  3  
 3 Mark Letestu             Chris Kreider            Jason Chimera            20     0   3  2  
 4 Riley Nash               Daniel Winnik            Evgeni Malkin            12     2   2  1  

5 vs 5 Defense 
   Defense                  Defense                                           Time % Phy DF OF 
 1 Kris Letang              P.K. Subban                                       35     0   2  3  
 2 Jack Johnson             Niklas Kronwall                                   35     0   2  3  
 3 Slava Voynov             Dennis Seidenberg                                 20     2   3  0  
 4 Slava Voynov             Dennis Seidenberg                                 10     1   4  0  

PowerPlay Forward 
   Center                   Left Wing                Right Wing               Time % Phy DF OF 
 1 Bryan Little             Taylor Hall              Evgeni Malkin            60     0   0  5  
 2 Mikko Koivu              Gabriel Landeskog        Jakub Voracek            40     0   0  5  

PowerPlay Defense
   Defense                  Defense                                           Time % Phy DF OF 
 1 Kris Letang              P.K. Subban                                       60     0   1  4  
 2 Slava Voynov             Niklas Kronwall                                   40     0   1  4  

Penalty Kill 4 Players Forward 
   Center                   Wing                     Time % Phy DF OF 
 1 Mark Letestu             Jason Chimera            60     0   4  1  
 2 Mikko Koivu              Daniel Winnik            40     0   5  0  

Penalty Kill 4 Players Defense
   Defense                  Defense                  Time % Phy DF OF 
 1 Jack Johnson             Dennis Seidenberg        60     0   4  1  
 2 Kris Letang              Niklas Kronwall          40     0   5  0  

Penalty Kill - 3 Players Forward 
   Forward                                           Time % Phy DF OF 
 1 Mark Letestu                                      50     0   5  0  
 2 Mikko Koivu                                       50     0   5  0  

Penalty Kill - 3 Players Defense
   Defense                  Defense                  Time % Phy DF OF 
 1 Jack Johnson             Dennis Seidenberg        60     0   5  0  
 2 Kris Letang              Niklas Kronwall          40     0   5  0  

4 vs 4 Forward 
   Center                   Wing                     Time % Phy DF OF 
 1 Evgeni Malkin            Taylor Hall              60     0   1  4  
 2 Bryan Little             Jakub Voracek            40     0   1  4  

4 vs 4 Defense
   Defense                  Defense                  Time % Phy DF OF 
 1 Kris Letang              P.K. Subban              60     1   3  1  
 2 Slava Voynov             Niklas Kronwall          40     1   3  1  

Last Minutes Offensive
   Center                   Left Wing                Right Wing               Defense                  Defense                  
   Evgeni Malkin            Taylor Hall              Jakub Voracek            Niklas Kronwall          P.K. Subban              

Last Minutes Defensive
   Center                   Left Wing                Right Wing               Defense                  Defense                  
   Mikko Koivu              Mark Letestu             Bryan Little             Jack Johnson             Niklas Kronwall          

Goaltenders
Starting : Corey Crawford           
Backup : Darcy Kuemper            

Extra Forwards
Normal : Evgeni Malkin, Taylor Hall, Jakub Voracek - PP : Chris Kreider, Mark Letestu - PK : Bryan Little
Extra Defensemen
Normal : Niklas Kronwall, Slava Voynov, Kris Letang - PP : Jack Johnson - PK : Slava Voynov, P.K. Subban
Penalty Shots
Taylor Hall, Bryan Little, Evgeni Malkin, Mikko Koivu, Gabriel Landeskog

Avalanche

5 vs 5 Forward 
   Center                   Left Wing                Right Wing               Time % Phy DF OF 
 1 Claude Giroux            Joffrey Lupul            Troy Brouwer             40     1   1  3  
 2 Lars Eller               Mike Ribeiro             Trevor Lewis             30     1   2  2  
 3 Daniel Briere            Benoit Pouliot           Rene Bourque             20     1   2  2  
 4 T.J. Hensick             Tyler Kennedy            Claude Giroux            10     2   2  1  

5 vs 5 Defense 
   Defense                  Defense                                           Time % Phy DF OF 
 1 Ryan McDonagh            Braydon Coburn                                    40     2   2  1  
 2 Brad Stuart              Clayton Stoner                                    30     2   2  1  
 3 Rostislav Klesla         Morgan Rielly                                     20     1   2  2  
 4 Taylor Fedun             Ryan McDonagh                                     10     1   2  2  

PowerPlay Forward 
   Center                   Left Wing                Right Wing               Time % Phy DF OF 
 1 Claude Giroux            Joffrey Lupul            Troy Brouwer             60     1   1  3  
 2 Lars Eller               Mike Ribeiro             Daniel Briere            40     1   2  2  

PowerPlay Defense
   Defense                  Defense                                           Time % Phy DF OF 
 1 Ryan McDonagh            Braydon Coburn                                    60     1   2  2  
 2 Brad Stuart              Morgan Rielly                                     40     1   2  2  

Penalty Kill 4 Players Forward 
   Center                   Wing                     Time % Phy DF OF 
 1 Trevor Lewis             Lars Eller               60     1   3  1  
 2 T.J. Hensick             Troy Brouwer             40     1   3  1  

Penalty Kill 4 Players Defense
   Defense                  Defense                  Time % Phy DF OF 
 1 Ryan McDonagh            Braydon Coburn           60     1   2  2  
 2 Brad Stuart              Clayton Stoner           40     1   2  2  

Penalty Kill - 3 Players Forward 
   Forward                                           Time % Phy DF OF 
 1 Lars Eller                                        60     1   3  1  
 2 Trevor Lewis                                      40     1   3  1  

Penalty Kill - 3 Players Defense
   Defense                  Defense                  Time % Phy DF OF 
 1 Ryan McDonagh            Braydon Coburn           60     1   2  2  
 2 Brad Stuart              Clayton Stoner           40     1   2  2  

4 vs 4 Forward 
   Center                   Wing                     Time % Phy DF OF 
 1 Claude Giroux            Troy Brouwer             60     1   2  2  
 2 Mike Ribeiro             Joffrey Lupul            40     1   1  3  

4 vs 4 Defense
   Defense                  Defense                  Time % Phy DF OF 
 1 Ryan McDonagh            Braydon Coburn           60     1   2  2  
 2 Brad Stuart              Clayton Stoner           40     1   2  2  

Last Minutes Offensive
   Center                   Left Wing                Right Wing               Defense                  Defense                  
   Claude Giroux            Joffrey Lupul            Troy Brouwer             Ryan McDonagh            Braydon Coburn           

Last Minutes Defensive
   Center                   Left Wing                Right Wing               Defense                  Defense                  
   Claude Giroux            Trevor Lewis             Troy Brouwer             Ryan McDonagh            Braydon Coburn           

Goaltenders
Starting : Semyon Varlamov          
Backup : Jack Campbell            

Extra Forwards
Normal : Benoit Pouliot, Daniel Briere, Rene Bourque - PP : Benoit Pouliot, Daniel Briere - PK : Rene Bourque
Extra Defensemen
Normal : Rostislav Klesla, Morgan Rielly, Taylor Fedun - PP : Rostislav Klesla - PK : Morgan Rielly, Taylor Fedun
Penalty Shots
Joffrey Lupul, Claude Giroux, Lars Eller, Mike Ribeiro, Benoit Pouliot

% Time on Ice - Flyers

Lines # - Real PCT - Wanted PCT - Time Play
Normal Forward
1 - 31% - 36% - 16:00
2 - 30% - 32% - 15:28
3 - 23% - 20% - 11:54
4 - 16% - 12% - 8:14
Normal Defense
1 - 34% - 35% - 17:19
2 - 37% - 35% - 19:13
3 - 20% - 20% - 10:06
4 - 10% - 10% - 4:58
PP Forward
1 - 49% - 60% - 1:57
2 - 51% - 40% - 2:01
PP Defense
1 - 61% - 60% - 2:24
2 - 39% - 40% - 1:34
PK Forward
1 - 92% - 60% - 4:05
2 - 8% - 40% - 0:21
PK Defense
1 - 66% - 60% - 2:56
2 - 34% - 40% - 1:30
PK3 Forward
1 - 0% - 50%
2 - 0% - 50%
PK3 Defense
1 - 0% - 60%
2 - 0% - 40%
44 Forward
1 - 100% - 60% - 4:39
2 - 0% - 40% - 0:00
44 Defense
1 - 55% - 60% - 2:34
2 - 45% - 40% - 2:05
Last Minute Offensive  - 0:00
Last Minute Defensive  - 0:00
Total
Forward - 64:39
Defense - 64:39

% Time on Ice - Avalanche

Lines # - Real PCT - Wanted PCT - Time Play
Normal Forward
1 - 31% - 40% - 15:51
2 - 31% - 30% - 16:08
3 - 25% - 20% - 12:51
4 - 13% - 10% - 6:46
Normal Defense
1 - 33% - 40% - 16:58
2 - 31% - 30% - 16:02
3 - 27% - 20% - 14:03
4 - 9% - 10% - 4:33
PP Forward
1 - 50% - 60% - 2:14
2 - 50% - 40% - 2:12
PP Defense
1 - 51% - 60% - 2:15
2 - 49% - 40% - 2:11
PK Forward
1 - 69% - 60% - 2:45
2 - 31% - 40% - 1:13
PK Defense
1 - 45% - 60% - 1:46
2 - 55% - 40% - 2:12
PK3 Forward
1 - 0% - 60%
2 - 0% - 40%
PK3 Defense
1 - 0% - 60%
2 - 0% - 40%
44 Forward
1 - 100% - 60% - 4:39
2 - 0% - 40% - 0:00
44 Defense
1 - 54% - 60% - 2:30
2 - 46% - 40% - 2:09
Last Minute Offensive  - 0:00
Last Minute Defensive  - 0:00
Total
Forward - 64:39
Defense - 64:39

Play by Play

1st period


0:01 of 1st period - Bryan Little wins face-off versus Claude Giroux in neutral zone.
0:14 of 1st period - Wrist shot by Joffrey Lupul.
0:14 of 1st period - Deflect By Claude Giroux.
0:14 of 1st period - Shot Misses the Net.
0:14 of 1st period - Puck is out of play.
0:15 of 1st period - Bryan Little wins face-off versus Joffrey Lupul in Flyers zone.
1:10 of 1st period - Off-side.
1:11 of 1st period - Mikko Koivu wins face-off versus Trevor Lewis in neutral zone.
1:19 of 1st period - Minor Penalty to Clayton Stoner for Interference.
1:20 of 1st period - Mikko Koivu wins face-off versus Trevor Lewis in Avalanche zone.
1:27 of 1st period - Icing by Kris Letang.
1:28 of 1st period - Trevor Lewis wins face-off versus Mikko Koivu in Flyers zone.
2:04 of 1st period - Snap shot by Mikko Koivu.
2:04 of 1st period - Shot Blocked by Trevor Lewis.
2:06 of 1st period - Snap shot by Mikko Koivu.
2:06 of 1st period - Shot Blocked by Ryan McDonagh.
2:29 of 1st period - Morgan Rielly is hit by Kris Letang and loses puck.
3:19 of 1st period - Penalty to Clayton Stoner is over, Clayton Stoner is back on ice.
3:40 of 1st period - Mark Letestu is hit by Rene Bourque.
4:07 of 1st period - Jack Johnson is hit by Brad Stuart and loses puck.
4:28 of 1st period - Slapshot by Joffrey Lupul.
4:28 of 1st period - Stopped by Corey Crawford with a rebound.
4:34 of 1st period - Wrist shot by Claude Giroux.
4:34 of 1st period - Stopped by Corey Crawford with a rebound.
4:42 of 1st period - Ryan McDonagh is hit by Chris Kreider and loses puck.
5:29 of 1st period - Gabriel Landeskog is hit by Benoit Pouliot and loses puck.
7:26 of 1st period - Slapshot by P.K. Subban.
7:26 of 1st period - Shot Blocked by Brad Stuart.
7:54 of 1st period - Slapshot by P.K. Subban.
7:54 of 1st period - Shot Misses the Net.
7:56 of 1st period - Slapshot by Kris Letang.
7:56 of 1st period - Shot Blocked by Morgan Rielly.
8:04 of 1st period - Minor Penalty to Lars Eller for Hooking.
8:05 of 1st period - Rene Bourque wins face-off versus Bryan Little in Avalanche zone.
9:32 of 1st period - Wrist shot by Jakub Voracek.
9:32 of 1st period - Shot Blocked by Brad Stuart.
9:34 of 1st period - Snap shot by P.K. Subban.
9:34 of 1st period - Deflect By Jakub Voracek.
9:34 of 1st period - Stopped by Semyon Varlamov with a rebound.
10:04 of 1st period - Penalty to Lars Eller is over, Lars Eller is back on ice.
10:11 of 1st period - Gabriel Landeskog is hit by Tyler Kennedy and loses puck.
10:18 of 1st period - Snap shot by Tyler Kennedy.
10:18 of 1st period - Shot Hit the Post.
10:38 of 1st period - Slapshot by Morgan Rielly.
10:38 of 1st period - Shot Blocked by Kris Letang.
10:52 of 1st period - Morgan Rielly is hit by Gabriel Landeskog.
11:00 of 1st period - Wrist shot by Daniel Briere.
11:00 of 1st period - Shot Misses the Net.
11:02 of 1st period - Slapshot by Rostislav Klesla.
11:02 of 1st period - Deflect By Mike Ribeiro.
11:02 of 1st period - Shot Blocked by Mikko Koivu.
11:02 of 1st period - Puck is out of play.
11:03 of 1st period - Claude Giroux wins face-off versus Mark Letestu in Flyers zone.
12:02 of 1st period - Mike Ribeiro is hit by Evgeni Malkin and loses puck.
12:22 of 1st period - Rostislav Klesla is hit by Bryan Little and loses puck.
13:05 of 1st period - Brad Stuart is hit by Niklas Kronwall and loses puck.
13:32 of 1st period - Slapshot by Niklas Kronwall.
13:32 of 1st period - Goal by Niklas Kronwall - Flyers : 1 - Avalanche : 0.
13:33 of 1st period - Daniel Briere wins face-off versus Chris Kreider in neutral zone.
13:41 of 1st period - Slapshot by P.K. Subban.
13:41 of 1st period - Shot Blocked by Rostislav Klesla.
13:45 of 1st period - Wrist shot by Mark Letestu.
13:45 of 1st period - Shot Misses the Net.
13:47 of 1st period - Slapshot by P.K. Subban.
13:47 of 1st period - Stopped by Semyon Varlamov with a rebound.
13:49 of 1st period - Snap shot by Jason Chimera.
13:49 of 1st period - Shot Misses the Net.
13:53 of 1st period - Wrist shot by Chris Kreider.
13:53 of 1st period - Stopped by Semyon Varlamov with a rebound.
13:55 of 1st period - Snap shot by Kris Letang.
13:55 of 1st period - Deflect By Chris Kreider.
13:55 of 1st period - Shot Blocked by Daniel Briere.
13:55 of 1st period - Puck is out of play.
13:56 of 1st period - Claude Giroux wins face-off versus Mikko Koivu in Avalanche zone.
13:56 of 1st period - Claude Giroux is hit by Jakub Voracek.
14:01 of 1st period - Off-side.
14:02 of 1st period - Mikko Koivu wins face-off versus Claude Giroux in neutral zone.
14:28 of 1st period - Snap shot by Claude Giroux.
14:28 of 1st period - Deflect By Troy Brouwer.
14:28 of 1st period - Shot Misses the Net.
14:28 of 1st period - Puck is out of play.
14:29 of 1st period - Lars Eller wins face-off versus Mark Letestu in Flyers zone.
14:46 of 1st period - Wrist shot by Mike Ribeiro.
14:46 of 1st period - Stopped by Corey Crawford without a rebound.
14:47 of 1st period - Lars Eller wins face-off versus Mark Letestu in Flyers zone.
14:58 of 1st period - Braydon Coburn is hit by Dennis Seidenberg and loses puck.
16:14 of 1st period - Off-side.
16:15 of 1st period - Mikko Koivu wins face-off versus Claude Giroux in neutral zone.
16:22 of 1st period - Slapshot by P.K. Subban.
16:22 of 1st period - Stopped by Semyon Varlamov without a rebound.
16:23 of 1st period - Mikko Koivu wins face-off versus Claude Giroux in Avalanche zone.
16:26 of 1st period - Snap shot by Gabriel Landeskog.
16:26 of 1st period - Stopped by Semyon Varlamov without a rebound.
16:27 of 1st period - Mikko Koivu wins face-off versus Claude Giroux in Avalanche zone.
16:36 of 1st period - Snap shot by Troy Brouwer.
16:36 of 1st period - Shot Misses the Net.
17:29 of 1st period - Dennis Seidenberg is hit by Morgan Rielly and loses puck.
17:36 of 1st period - Trevor Lewis is hit by Jack Johnson and loses puck.
19:16 of 1st period - Slapshot by Ryan McDonagh.
19:16 of 1st period - Shot Blocked by Mikko Koivu.
19:18 of 1st period - Slapshot by Braydon Coburn.
19:18 of 1st period - Stopped by Corey Crawford without a rebound.
19:19 of 1st period - Claude Giroux wins face-off versus Mikko Koivu in Flyers zone.
Goals for this period are 1 for Flyers vs 0 for Avalanche.
Shots for this period are 6 for Flyers vs 4 for Avalanche.

2nd period


0:01 of 2nd period - Evgeni Malkin wins face-off versus Claude Giroux in neutral zone.
0:38 of 2nd period - Slapshot by Taylor Hall.
0:38 of 2nd period - Stopped by Semyon Varlamov without a rebound.
0:39 of 2nd period - Lars Eller wins face-off versus Mikko Koivu in Avalanche zone.
1:15 of 2nd period - Snap shot by Trevor Lewis.
1:15 of 2nd period - Stopped by Corey Crawford with a rebound.
1:43 of 2nd period - Slapshot by Jack Johnson.
1:43 of 2nd period - Shot Blocked by Brad Stuart.
1:45 of 2nd period - Slapshot by Niklas Kronwall.
1:45 of 2nd period - Stopped by Semyon Varlamov without a rebound.
1:46 of 2nd period - Claude Giroux wins face-off versus Mark Letestu in Avalanche zone.
1:53 of 2nd period - Snap shot by Joffrey Lupul.
1:53 of 2nd period - Stopped by Corey Crawford with a rebound.
1:55 of 2nd period - Slapshot by Ryan McDonagh.
1:55 of 2nd period - Shot Misses the Net.
1:57 of 2nd period - Slapshot by Braydon Coburn.
1:57 of 2nd period - Shot Blocked by Niklas Kronwall.
1:59 of 2nd period - Slapshot by Ryan McDonagh.
1:59 of 2nd period - Shot Misses the Net.
2:01 of 2nd period - Snap shot by Braydon Coburn.
2:01 of 2nd period - Shot Blocked by Niklas Kronwall.
2:03 of 2nd period - Slapshot by Ryan McDonagh.
2:03 of 2nd period - Shot Blocked by Jack Johnson.
2:05 of 2nd period - Wrist shot by Ryan McDonagh.
2:05 of 2nd period - Stopped by Corey Crawford with a rebound.
2:07 of 2nd period - Slapshot by Braydon Coburn.
2:07 of 2nd period - Shot Misses the Net.
2:12 of 2nd period - Slapshot by Braydon Coburn.
2:12 of 2nd period - Shot Misses the Net.
2:14 of 2nd period - Slapshot by Ryan McDonagh.
2:14 of 2nd period - Shot Blocked by Jack Johnson.
2:16 of 2nd period - Slapshot by Claude Giroux.
2:16 of 2nd period - Shot Blocked by Mark Letestu.
2:18 of 2nd period - Slapshot by Ryan McDonagh.
2:18 of 2nd period - Shot Misses the Net.
3:06 of 2nd period - Kris Letang is hit by Rostislav Klesla.
3:56 of 2nd period - Trevor Lewis is hit by Jakub Voracek and loses puck.
4:27 of 2nd period - Snap shot by Evgeni Malkin.
4:27 of 2nd period - Stopped by Semyon Varlamov with a rebound.
4:29 of 2nd period - Wrist shot by Daniel Winnik.
4:29 of 2nd period - Shot Blocked by Trevor Lewis.
4:40 of 2nd period - Wrist shot by Riley Nash.
4:40 of 2nd period - Shot Blocked by Taylor Fedun.
5:02 of 2nd period - Backhand shot by Claude Giroux.
5:02 of 2nd period - Stopped by Corey Crawford with a rebound.
5:04 of 2nd period - Slapshot by Brad Stuart.
5:04 of 2nd period - Goal by Brad Stuart - Flyers : 1 - Avalanche : 1.
5:05 of 2nd period - Claude Giroux wins face-off versus Mikko Koivu in neutral zone.
5:20 of 2nd period - Backhand shot by Joffrey Lupul.
5:20 of 2nd period - Shot Blocked by Kris Letang.
5:22 of 2nd period - Wrist shot by Troy Brouwer.
5:22 of 2nd period - Stopped by Corey Crawford without a rebound.
5:23 of 2nd period - Claude Giroux wins face-off versus Mikko Koivu in Flyers zone.
5:52 of 2nd period - Wrist shot by Claude Giroux.
5:52 of 2nd period - Deflect By Joffrey Lupul.
5:52 of 2nd period - Stopped by Corey Crawford without a rebound.
5:53 of 2nd period - Mark Letestu wins face-off versus Daniel Briere in Flyers zone.
5:59 of 2nd period - Off-side.
6:00 of 2nd period - Mark Letestu wins face-off versus Rene Bourque in neutral zone.
6:03 of 2nd period - Rostislav Klesla is hit by Jason Chimera and loses puck.
6:14 of 2nd period - Slapshot by Benoit Pouliot.
6:14 of 2nd period - Stopped by Corey Crawford without a rebound.
6:15 of 2nd period - Bryan Little wins face-off versus T.J. Hensick in Flyers zone.
6:40 of 2nd period - Snap shot by Bryan Little.
6:40 of 2nd period - Deflect By Evgeni Malkin.
6:40 of 2nd period - Shot Misses the Net.
6:40 of 2nd period - Puck is out of play.
6:41 of 2nd period - Mikko Koivu wins face-off versus Lars Eller in Avalanche zone.
6:55 of 2nd period - Wrist shot by Trevor Lewis.
6:55 of 2nd period - Shot Blocked by Jack Johnson.
6:57 of 2nd period - Slapshot by Brad Stuart.
6:57 of 2nd period - Shot Misses the Net.
6:59 of 2nd period - Snap shot by Lars Eller.
6:59 of 2nd period - Deflect By Mike Ribeiro.
6:59 of 2nd period - Stopped by Corey Crawford with a rebound.
7:01 of 2nd period - Slapshot by Brad Stuart.
7:01 of 2nd period - Stopped by Corey Crawford without a rebound.
7:02 of 2nd period - Claude Giroux wins face-off versus Bryan Little in Flyers zone.
7:19 of 2nd period - Snap shot by Evgeni Malkin.
7:19 of 2nd period - Shot Misses the Net.
7:54 of 2nd period - Mikko Koivu is hit by Braydon Coburn and loses puck.
8:18 of 2nd period - Wrist shot by Jakub Voracek.
8:18 of 2nd period - Stopped by Semyon Varlamov with a rebound.
8:20 of 2nd period - Wrist shot by Mikko Koivu.
8:20 of 2nd period - Stopped by Semyon Varlamov without a rebound.
8:21 of 2nd period - Mark Letestu wins face-off versus Daniel Briere in Avalanche zone.
10:03 of 2nd period - Off-side.
10:04 of 2nd period - Mikko Koivu wins face-off versus Claude Giroux in neutral zone.
10:07 of 2nd period - Slapshot by P.K. Subban.
10:07 of 2nd period - Shot Blocked by Ryan McDonagh.
10:38 of 2nd period - Snap shot by Mikko Koivu.
10:38 of 2nd period - Shot Misses the Net.
10:52 of 2nd period - Snap shot by P.K. Subban.
10:52 of 2nd period - Deflect By Ryan McDonagh.
10:52 of 2nd period - Stopped by Semyon Varlamov with a rebound.
10:54 of 2nd period - Wrist shot by Kris Letang.
10:54 of 2nd period - Shot Misses the Net.
10:56 of 2nd period - Wrist shot by Mark Letestu.
10:56 of 2nd period - Shot Misses the Net.
11:34 of 2nd period - Off-side.
11:35 of 2nd period - Lars Eller wins face-off versus Bryan Little in neutral zone.
12:01 of 2nd period - Minor Penalty to Evgeni Malkin for High sticking.
12:02 of 2nd period - Mark Letestu wins face-off versus Claude Giroux in Flyers zone.
12:06 of 2nd period - Slapshot by Jack Johnson.
12:06 of 2nd period - Stopped by Semyon Varlamov with a rebound.
12:08 of 2nd period - Slapshot by Jack Johnson.
12:08 of 2nd period - Shot Blocked by Claude Giroux.
12:10 of 2nd period - Slapshot by Jack Johnson.
12:10 of 2nd period - Stopped by Semyon Varlamov with a rebound.
12:23 of 2nd period - Off-side.
12:24 of 2nd period - Lars Eller wins face-off versus Mark Letestu in neutral zone.
12:27 of 2nd period - Snap shot by Ryan McDonagh.
12:27 of 2nd period - Shot Blocked by Mark Letestu.
12:29 of 2nd period - Slapshot by Ryan McDonagh.
12:29 of 2nd period - Goal by Ryan McDonagh - Flyers : 1 - Avalanche : 2.
12:30 of 2nd period - Mikko Koivu wins face-off versus Joffrey Lupul in neutral zone.
13:07 of 2nd period - Braydon Coburn is hit by Jack Johnson and loses puck.
13:45 of 2nd period - Snap shot by Mike Ribeiro.
13:45 of 2nd period - Shot Misses the Net.
14:09 of 2nd period - Rostislav Klesla is hit by Chris Kreider and loses puck.
14:22 of 2nd period - Slapshot by Ryan McDonagh.
14:22 of 2nd period - Stopped by Corey Crawford with a rebound.
14:24 of 2nd period - Snap shot by Rene Bourque.
14:24 of 2nd period - Shot Misses the Net.
14:26 of 2nd period - Slapshot by Ryan McDonagh.
14:26 of 2nd period - Shot Blocked by Niklas Kronwall.
14:28 of 2nd period - Slapshot by Ryan McDonagh.
14:28 of 2nd period - Deflect By Benoit Pouliot.
14:28 of 2nd period - Stopped by Corey Crawford with a rebound.
14:30 of 2nd period - Snap shot by Ryan McDonagh.
14:30 of 2nd period - Deflect By Niklas Kronwall.
14:30 of 2nd period - Stopped by Corey Crawford without a rebound.
14:31 of 2nd period - Evgeni Malkin wins face-off versus T.J. Hensick in Flyers zone.
14:33 of 2nd period - Minor Penalty to P.K. Subban for Hooking.
14:34 of 2nd period - Claude Giroux wins face-off versus Mark Letestu in Flyers zone.
15:10 of 2nd period - Slapshot by Troy Brouwer.
15:10 of 2nd period - Shot Misses the Net.
15:54 of 2nd period - Mark Letestu is hit by Lars Eller and loses puck.
16:33 of 2nd period - Penalty to P.K. Subban is over, P.K. Subban is back on ice.
16:39 of 2nd period - Gabriel Landeskog is hit by Daniel Briere and loses puck.
17:03 of 2nd period - Rostislav Klesla is hit by Niklas Kronwall and loses puck.
17:10 of 2nd period - Slapshot by Evgeni Malkin.
17:10 of 2nd period - Shot Misses the Net.
17:24 of 2nd period - Morgan Rielly is hit by Riley Nash and loses puck.
17:47 of 2nd period - Slava Voynov is hit by Benoit Pouliot and loses puck.
17:56 of 2nd period - Backhand shot by Rene Bourque.
17:56 of 2nd period - Stopped by Corey Crawford with a rebound.
18:55 of 2nd period - Snap shot by P.K. Subban.
18:55 of 2nd period - Shot Blocked by Taylor Fedun.
19:07 of 2nd period - Wrist shot by Mikko Koivu.
19:07 of 2nd period - Goal by Mikko Koivu - Flyers : 2 - Avalanche : 2.
19:08 of 2nd period - Daniel Briere wins face-off versus Riley Nash in neutral zone.
19:44 of 2nd period - Wrist shot by Mike Ribeiro.
19:44 of 2nd period - Stopped by Corey Crawford with a rebound.
19:46 of 2nd period - Slapshot by Brad Stuart.
19:46 of 2nd period - Stopped by Corey Crawford without a rebound.
19:47 of 2nd period - Trevor Lewis wins face-off versus Mikko Koivu in Flyers zone.
Goals for this period are 1 for Flyers vs 2 for Avalanche.
Shots for this period are 9 for Flyers vs 17 for Avalanche.

3rd period


0:01 of 3rd period - Claude Giroux wins face-off versus Bryan Little in neutral zone.
0:14 of 3rd period - Slapshot by Taylor Hall.
0:14 of 3rd period - Stopped by Semyon Varlamov without a rebound.
0:15 of 3rd period - Claude Giroux wins face-off versus Bryan Little in Avalanche zone.
0:26 of 3rd period - Slapshot by Troy Brouwer.
0:26 of 3rd period - Stopped by Corey Crawford without a rebound.
0:27 of 3rd period - Mikko Koivu wins face-off versus Lars Eller in Flyers zone.
1:17 of 3rd period - Snap shot by Taylor Hall.
1:17 of 3rd period - Stopped by Semyon Varlamov with a rebound.
1:23 of 3rd period - Snap shot by Evgeni Malkin.
1:23 of 3rd period - Stopped by Semyon Varlamov without a rebound.
1:24 of 3rd period - Claude Giroux wins face-off versus Bryan Little in Avalanche zone.
1:47 of 3rd period - Wrist shot by Claude Giroux.
1:47 of 3rd period - Stopped by Corey Crawford with a rebound.
1:49 of 3rd period - Snap shot by Troy Brouwer.
1:49 of 3rd period - Stopped by Corey Crawford without a rebound.
1:50 of 3rd period - Daniel Briere wins face-off versus Mark Letestu in Flyers zone.
3:01 of 3rd period - Jakub Voracek is hit by Morgan Rielly and loses puck.
4:22 of 3rd period - Minor Penalty to Jack Johnson for Hooking.
4:23 of 3rd period - Mark Letestu wins face-off versus Lars Eller in Flyers zone.
4:34 of 3rd period - Wrist shot by Mike Ribeiro.
4:34 of 3rd period - Shot Misses the Net.
5:09 of 3rd period - Jason Chimera is hit by Joffrey Lupul and loses puck.
5:36 of 3rd period - Dennis Seidenberg is hit by Braydon Coburn and loses puck.
5:41 of 3rd period - Snap shot by Mike Ribeiro.
5:41 of 3rd period - Shot Misses the Net.
5:54 of 3rd period - Icing by Claude Giroux.
5:55 of 3rd period - Claude Giroux wins face-off versus Mikko Koivu in Avalanche zone.
6:14 of 3rd period - Niklas Kronwall is hit by Braydon Coburn and loses puck.
6:22 of 3rd period - Penalty to Jack Johnson is over, Jack Johnson is back on ice.
6:37 of 3rd period - Snap shot by Claude Giroux.
6:37 of 3rd period - Shot Misses the Net.
6:39 of 3rd period - Slapshot by Tyler Kennedy.
6:39 of 3rd period - Stopped by Corey Crawford with a rebound.
7:44 of 3rd period - Ryan McDonagh is hit by Taylor Hall and loses puck.
7:58 of 3rd period - Taylor Hall is hit by Taylor Fedun and loses puck.
9:13 of 3rd period - Wrist shot by Evgeni Malkin.
9:13 of 3rd period - Stopped by Semyon Varlamov with a rebound.
9:15 of 3rd period - Slapshot by P.K. Subban.
9:15 of 3rd period - Shot Blocked by Morgan Rielly.
9:17 of 3rd period - Slapshot by Kris Letang.
9:17 of 3rd period - Stopped by Semyon Varlamov without a rebound.
9:18 of 3rd period - Tyler Kennedy wins face-off versus Riley Nash in Avalanche zone.
9:18 of 3rd period - Tyler Kennedy is hit by Riley Nash.
9:34 of 3rd period - Clayton Stoner is hit by Kris Letang and loses puck.
9:55 of 3rd period - Snap shot by Daniel Briere.
9:55 of 3rd period - Shot Misses the Net.
10:03 of 3rd period - Benoit Pouliot is hit by P.K. Subban and loses puck.
10:22 of 3rd period - Slapshot by Taylor Hall.
10:22 of 3rd period - Shot Blocked by Brad Stuart.
11:57 of 3rd period - Slapshot by Ryan McDonagh.
11:57 of 3rd period - Deflect By Mike Ribeiro.
11:57 of 3rd period - Shot Misses the Net.
11:57 of 3rd period - Puck is out of play.
11:58 of 3rd period - Riley Nash wins face-off versus Lars Eller in Flyers zone.
12:07 of 3rd period - Snap shot by Bryan Little.
12:07 of 3rd period - Stopped by Semyon Varlamov with a rebound.
12:53 of 3rd period - Slapshot by Brad Stuart.
12:53 of 3rd period - Deflect By Niklas Kronwall.
12:53 of 3rd period - Stopped by Corey Crawford with a rebound.
13:29 of 3rd period - Jason Chimera is hit by Claude Giroux and loses puck.
13:46 of 3rd period - Lars Eller is hit by Jason Chimera and loses puck.
13:53 of 3rd period - Chris Kreider is hit by Morgan Rielly and loses puck.
14:34 of 3rd period - Daniel Winnik is hit by Ryan McDonagh and loses puck.
15:39 of 3rd period - Snap shot by Mikko Koivu.
15:39 of 3rd period - Stopped by Semyon Varlamov with a rebound.
15:41 of 3rd period - Slapshot by Jakub Voracek.
15:41 of 3rd period - Deflect By Mikko Koivu.
15:41 of 3rd period - Stopped by Semyon Varlamov with a rebound.
16:04 of 3rd period - Troy Brouwer is hit by Slava Voynov.
16:10 of 3rd period - Dennis Seidenberg is hit by Troy Brouwer and loses puck.
16:33 of 3rd period - Snap shot by Mark Letestu.
16:33 of 3rd period - Shot Misses the Net.
16:35 of 3rd period - Slapshot by Jack Johnson.
16:35 of 3rd period - Shot Blocked by Joffrey Lupul.
17:14 of 3rd period - Snap shot by Taylor Hall.
17:14 of 3rd period - Stopped by Semyon Varlamov without a rebound.
17:15 of 3rd period - Bryan Little wins face-off versus Lars Eller in Avalanche zone.
17:40 of 3rd period - Wrist shot by Rene Bourque.
17:40 of 3rd period - Deflect By Dennis Seidenberg.
17:40 of 3rd period - Shot Hit the Post.
17:40 of 3rd period - Puck is out of play.
17:41 of 3rd period - Tyler Kennedy wins face-off versus Riley Nash in Flyers zone.
17:44 of 3rd period - Snap shot by Tyler Kennedy.
17:44 of 3rd period - Shot Misses the Net.
17:50 of 3rd period - Wrist shot by Tyler Kennedy.
17:50 of 3rd period - Stopped by Corey Crawford without a rebound.
17:51 of 3rd period - Mikko Koivu wins face-off versus Rene Bourque in Flyers zone.
18:51 of 3rd period - Off-side.
18:52 of 3rd period - Claude Giroux wins face-off versus Bryan Little in neutral zone.
19:05 of 3rd period - Snap shot by Claude Giroux.
19:05 of 3rd period - Shot Blocked by Dennis Seidenberg.
19:17 of 3rd period - Brad Stuart is hit by Taylor Hall and loses puck.
19:58 of 3rd period - Icing by Clayton Stoner.
19:59 of 3rd period - Daniel Briere wins face-off versus Mark Letestu in Avalanche zone.
Goals for this period are 0 for Flyers vs 0 for Avalanche.
Shots for this period are 9 for Flyers vs 6 for Avalanche.

Overtime #1


0:01 of 1st overtime period - Evgeni Malkin wins face-off versus Claude Giroux in neutral zone.
0:32 of 1st overtime period - Off-side.
0:33 of 1st overtime period - Claude Giroux wins face-off versus Evgeni Malkin in neutral zone.
1:24 of 1st overtime period - Wrist shot by Claude Giroux.
1:24 of 1st overtime period - Stopped by Corey Crawford without a rebound.
1:25 of 1st overtime period - Evgeni Malkin wins face-off versus Claude Giroux in Flyers zone.
1:40 of 1st overtime period - Wrist shot by Evgeni Malkin.
1:40 of 1st overtime period - Stopped by Semyon Varlamov with a rebound.
2:20 of 1st overtime period - P.K. Subban is hit by Benoit Pouliot and loses puck.
3:01 of 1st overtime period - Slava Voynov is hit by Clayton Stoner.
3:25 of 1st overtime period - Niklas Kronwall is hit by Ryan McDonagh and loses puck.
4:00 of 1st overtime period - Snap shot by Joffrey Lupul.
4:00 of 1st overtime period - Shot Misses the Net.
4:06 of 1st overtime period - Braydon Coburn is hit by Jason Chimera and loses puck.
4:19 of 1st overtime period - Snap shot by Taylor Hall.
4:19 of 1st overtime period - Deflect By Evgeni Malkin.
4:19 of 1st overtime period - Shot Misses the Net.
4:19 of 1st overtime period - Puck is out of play.
4:20 of 1st overtime period - Claude Giroux wins face-off versus Evgeni Malkin in Avalanche zone.
4:39 of 1st overtime period - Slapshot by Jakub Voracek.
4:39 of 1st overtime period - Goal by Jakub Voracek - Flyers : 3 - Avalanche : 2.
Goals for this period are 1 for Flyers vs 0 for Avalanche.
Shots for this period are 2 for Flyers vs 1 for Avalanche.


Output by the SimonT Hockey Simulator (STHS) for Eric Dolegowski -- Original Page W3C XHTML 1.0 Valid
Hockey Simulator - Hockey Simulation - Hockey Manager